Cogmind - Beta 16.1 @@@ ROGUE MODE // 2026.02.10 @ 21:10:40 Player: C0-2MO Result: Destroyed by D-53 Grenadier with Mini Grenade Launcher Performance ------------- Evolutions (0) 0 Regions Visited (3) 600 Robots Destroyed (30) 150 Value Destroyed (618) 618 Prototype IDs (2) 40 Alien Tech Used (0) 0 Bonus (0) 0 TOTAL SCORE: 1408 Bonus ------- None Cogmind --------- Core Integrity 0/250 Matter 215/300 Energy 100/100 System Corruption 0% Temperature Cool (15) Movement Rolling (100) Location -8/Recycling Parts ------- > --- POWER (1) -------- (None) > --- PROPULSION (2) --- Spiked Treads Compact Wheel > --- UTILITY (2) ------ Improved Light Armor Plating > --- WEAPON (2) ------- Battle Rifle Subdweller Machine Gun > --- INVENTORY (5) ---- Subdweller Monowheel EM Pulse Gun Riot Gun Medium Laser Grenade Launcher Peak State ------------ > --- POWER ------------ (None) > --- PROPULSION ------- Spiked Treads Compact Wheel > --- UTILITY ---------- High-capacity Storage Unit Improved Light Armor Plating > --- WEAPON ----------- Riot Gun Axe > --- INVENTORY -------- Light Treads Wheel Subdweller Monowheel Structural Scanner Subdweller Optics EM Pulse Gun Medium Laser Subdweller Laser Battle Rifle Battle Rifle Battle Rifle Subdweller Machine Gun Grenade Launcher Mining Laser Multitool [Rating: 15] Favorites ----------- Power Light Ion Engine Engine Light Ion Engine Propulsion Compact Wheel Treads Light Treads Wheel Compact Wheel Utility Structural Scanner Device Structural Scanner Storage High-capacity Storage Unit Protection Improved Light Armor Plating Weapon Subdweller Machine Gun Energy Gun EM Pulse Gun Ballistic Gun Subdweller Machine Gun Launcher Grenade Launcher Special Weapon Mining Laser Impact Weapon Flail Slashing Weapon Axe Build | -11 -10 -10 -8 ------- Run | Yrd Mat Sub Rec Slots Evolved . | . . . . Power . | . . . . Propulsion . | . . . . Utility . | . . . . Weapon . | . . . . Parts Attached 28 | 5 10 9 4 Power 1 | . 1 . . Engine 1 | . 1 . . Core . | . . . . Reactor . | . . . . Propulsion 5 | 2 2 1 . Treads 3 | 1 1 1 . Leg . | . . . . Wheel 2 | 1 1 . . Hover . | . . . . Flight . | . . . . Utility 6 | 1 3 1 1 Device 4 | 1 3 . . Storage 1 | . . 1 . Processor . | . . . . Hackware . | . . . . Protection 1 | . . . 1 Artifact . | . . . . Weapon 16 | 2 4 7 3 Energy Gun 6 | 1 3 2 . Energy Cannon . | . . . . Ballistic Gun 6 | 1 . 4 1 Ballistic Cannon . | . . . . Launcher 1 | . 1 . . Special Weapon 1 | . . 1 . Impact Weapon 1 | . . . 1 Slashing Weapon 1 | . . . 1 Piercing Weapon . | . . . . Special Melee Weapon . | . . . . Unidentified Prototypes . | . . . . Parts Lost 5 | . 1 4 . Power 1 | . . 1 . Propulsion . | . . . . Utility 1 | . . 1 . Weapon 3 | . 1 2 . Highest Loss Streak 1 | . 1 1 . To Critical Strikes . | . . . . Average Backups 8 | 1 4 8 14 Power . | . . . . Propulsion 1 | 1 1 1 2 Utility 1 | . . . 1 Weapon 5 | . 2 5 8 Tool/Special . | . . . . Unused Backups 7 | . 2 1 4 Power . | . . . . Propulsion 2 | . 1 . 1 Utility 2 | . 1 . 1 Weapon 2 | . . 1 1 Tool/Special 1 | . . . 1 Average Slot Usage (%) 84 | . 75 92 84 Engine 4 | . 3 7 . Treads 14 | . 14 14 14 Wheel 13 | . 13 14 14 Device 15 | . 20 16 9 Storage 8 | . . 11 13 Protection 1 | . . . 4 Energy Gun 15 | . 19 14 13 Ballistic Gun 8 | . 3 12 5 Slashing Weapon 1 | . . . 5 Peak Build Rating 15 | 5 9 12 15 Average Rating 9 | 3 6 9 12 On Entrance 6 | . 5 9 12 Avg Prop Armor Cover (%) 17 | 23 20 13 16 Naked Turns . | . . . . Heaviest Build 50 | 3 9 50 50 Greatest Support 16 | 3 16 16 16 Greatest Overweight (x) 3 | . 1 3 3 Average Overweight (x) 1 | . . 1 2 Largest Inventory Capacity 20 | 5 5 20 20 Average Capacity 13 | 5 5 17 19 Most Carried 15 | 3 5 13 15 Average Carried 8 | 1 4 8 14 Final Capacity 20 | 5 5 20 5 Final Carried 13 | 3 5 13 5 Class Distribution -------------------- 100% | Mutant Dominant Class ---------------- Mutant | -10/Materials Mutant | -10/Subcaves Mutant | -8/Recycling Resources | -11 -10 -10 -8 ----------- Run | Yrd Mat Sub Rec Matter Collected 676 | 254 150 242 30 Remotely . | . . . . Salvage Created 1178 | 122 506 302 248 Parts 67 | 4 30 26 7 Haulers Intercepted 2 | . 2 . . Recyclers Shooed 1 | 1 . . . Parts Field Recycled . | . . . . Retrieved Matter . | . . . . Parts Self-Destructed 6 | . . 6 . Prevented 3 | . . 3 . Parts Restored . | . . . . Kills | -11 -10 -10 -8 ------- Run | Yrd Mat Sub Rec Combat Hostiles Destroyed 18 | . 7 9 2 Guns 15 | . 5 8 2 AOE 3 | . 2 1 . Classes Destroyed 10 | 2 6 1 1 Builder 1 | . 1 . . Tunneler 2 | 1 1 . . Hauler 2 | . 2 . . Recycler 5 | 1 2 . 2 Operator 1 | . 1 . . Watcher 1 | . 1 . . Swarmer 7 | . 3 4 . Grunt 5 | . 4 . 1 Programmer 1 | . . . 1 Subdweller 5 | . . 5 . Best Kill Streak 8 | 2 8 2 2 Combat Bots Only 4 | . 4 2 2 Max Kills in Single Turn 4 | 1 4 1 1 Gunslinging . | . . . . Exploded 2 | . 2 1 . Melee . | . . . . Uniques/NPCs Destroyed . | . . . . Combat | -11 -10 -10 -8 -------- Run | Yrd Mat Sub Rec Hostile Shots Fired 96 | . 39 42 15 Missed 24 | . 11 10 3 Hits 72 | . 28 32 12 Projectile 72 | . 28 32 12 AOE 6 | . 2 . 4 Critical Strikes 2 | . 1 . 1 Damage Taken 1402 | . 531 581 290 Core 267 | . 100 98 69 Absorbed by Shields . | . . . . Regen/Repaired (Parts) 118 | . 118 . . Core Remaining (%) 100 | 100 . . . Volleys Fired 108 | 4 39 56 9 Largest 2 | 2 2 2 2 Hottest 105 | 60 105 100 55 Shots Fired 182 | 8 65 91 18 Gun 176 | 8 64 86 18 Cannon . | . . . . Launcher 4 | . 1 3 . Special 2 | . . 2 . Kinetic 76 | 4 15 39 18 Thermal 67 | 4 49 14 . Explosive 4 | . 1 3 . Electromagnetic 35 | . . 35 . Robot Hit Streak 16 | 1 14 16 4 Robot Miss Streak 3 | 2 2 2 3 Penetration Max . | . . . . Secondary Targets 2 | . 1 1 . Max Gunslinging Chain 1 | . 1 1 . Shots Hit Robots 119 | 3 45 58 13 Core Hits 48 | 3 26 15 4 Critical Kills . | . . . . Critical Parts Destroyed . | . . . . Critical Strikes 4 | . . 4 . Burn 1 | . . 1 . Destroy 1 | . . 1 . Corrupt 2 | . . 2 . Melee Attacks 8 | . . . 8 Impact 3 | . . . 3 Slashing 5 | . . . 5 Piercing . | . . . . Sneak Attacks 4 | . . . 4 Combat Hostiles . | . . . . Follow-up Attacks . | . . . . Damage Inflicted 2065 | 28 734 906 397 Guns 1602 | 28 546 854 174 Cannons . | . . . . Explosions 240 | . 188 52 . Melee 223 | . . . 223 Ramming . | . . . . Kinetic 613 | 7 88 344 174 Thermal 627 | 21 458 148 . Explosive 240 | . 188 52 . Electromagnetic 362 | . . 362 . Impact 81 | . . . 81 Slashing 142 | . . . 142 Piercing . | . . . . Highest Corruption . | . . . . Average Corruption . | . . . . Corruption Purged . | . . . . Corruption Blocked . | . . . . Overload Shots . | . . . . Overflow Damage 51 | . 3 . 48 Projectiles . | . . . . Explosions 3 | . 3 . . Melee 48 | . . . 48 Knockbacks . | . . . . Impact . | . . . . Kinetic . | . . . . Secondary . | . . . . Self-Inflicted Damage 25 | . 25 . . Shots 1 | . 1 . . Rammed . | . . . . Targets Rammed . | . . . . Kicked . | . . . . Crushed . | . . . . Highest Temperature 219 | 20 219 . 34 Average Temperature 61 | 10 76 . 11 Received Heat Transfer 228 | . 138 54 36 Siege Activations . | . . . . Martial Activations . | . . . . Shielding Activations . | . . . . Robots Disrupted . | . . . . Combat Hostiles . | . . . . Robots Corrupted 1 | . . . 1 Combat Hostiles . | . . . . Parts Fried 1 | . . . 1 Impact Corruptions 1 | . . . 1 Robots Melted . | . . . . Combat Hostiles . | . . . . Parts Melted 2 | . 1 1 . Heat Transferred 1589 | 50 1058 481 . Parts Sabotaged . | . . . . Parts Stolen . | . . . . Parts Stripped . | . . . . Power Chain Reactions . | . . . . Alert | -11 -10 -10 -8 ------- Run | Yrd Mat Sub Rec Maximum Alert Level . | . . . . Low Security (%) 100 | 100 100 . 100 Level 1 . | . . . . Level 2 . | . . . . Level 3 . | . . . . Level 4 . | . . . . Level 5 . | . . . . High Security . | . . . . Max Security . | . . . . Peak Influence 146 | 5 146 . 88 Initial 4 | . . . 4 Average 40 | 1 60 . 20 Influence Increases 725 | 10 310 170 235 Destroy 0b10 Robot/C 260 | . 140 80 40 Destroy 0b10 Robot/NC 55 | 10 35 . 10 Destroy Leader 36 | . 36 . . Successful Hack 57 | . 27 . 30 Select Force Hacks 180 | . 60 . 120 Disable Machine 15 | . . . 15 Destroy Structure 17 | . 12 . 5 Lose Combat Pursuer 105 | . . 90 15 Influence Decreases 644 | 10 296 174 164 Entered New Map 13 | . . 7 6 Time Decay 621 | 10 286 167 158 Lost Part 10 | . 10 . . Squads Dispatched 2 | . 2 . . Investigation 2 | . 2 . . Extermination . | . . . . Reinforcement . | . . . . Assault . | . . . . Garrison . | . . . . Intercept . | . . . . Searches Triggered . | . . . . Construction Impeded . | . . . . Haulers Reinforced . | . . . . Active Scanning Responses . | . . . . Cargo Convoy Interrupts . | . . . . Stealth | -11 -10 -10 -8 --------- Run | Yrd Mat Sub Rec Distress Signals 1 | . 1 . . Communications Jammed . | . . . . Distress Signals . | . . . . Times Spotted 31 | . 17 8 6 Peak Tracking Total 4 | . 3 3 4 Tactical Retreats 4 | . . 3 1 Traps | -11 -10 -10 -8 ------- Run | Yrd Mat Sub Rec Traps Triggered 1 | . . 1 . Indirectly . | . . . . Trap Hack Attempts . | . . . . Triggered . | . . . . Disarmed . | . . . . Reprogrammed . | . . . . Reused . | . . . . Traps Extracted . | . . . . Installed . | . . . . Triggered . | . . . . Machines | -11 -10 -10 -8 ---------- Run | Yrd Mat Sub Rec Machines Disabled 3 | . . 2 1 Max in Single Turn 2 | . . 2 1 Machines Repaired . | . . . . Machines Dismantled . | . . . . Machines Sabotaged . | . . . . Overloaded Fab Kills . | . . . . Hacking | -11 -10 -10 -8 --------- Run | Yrd Mat Sub Rec Machines Accessed 21 | . 11 1 9 Terminals 13 | . 8 . 5 Fabricators . | . . . . Repair Stations 1 | . 1 . . Recycling Units 6 | . 2 . 4 Scanalyzers . | . . . . Garrison Access . | . . . . Total Hacks 59 | . 29 4 26 Successful 37 | . 16 4 17 Failed 22 | . 13 . 9 Catastrophic 1 | . 1 . . Database Lockouts . | . . . . Manual 44 | . 23 . 21 Terminals 46 | . 25 . 21 Fabricators . | . . . . Repair Stations 2 | . 2 . . Recycling Units 7 | . 2 . 5 Scanalyzers . | . . . . Garrison Access . | . . . . Terminal Hacks 13 | . 3 4 6 Record 4 | . . 4 . Part Schematic 1 | . . . 1 Robot Analysis 4 | . 2 . 2 Prototype ID Bank 1 | . . . 1 Terminal Index 2 | . 1 . 1 Zone Layout 1 | . . . 1 Fabricator Hacks . | . . . . Repair Station Hacks 2 | . 2 . . Scan Component 1 | . 1 . . Repair 1 | . 1 . . Recycling Unit Hacks . | . . . . Scanalyzer . | . . . . Garrison Access Hacks . | . . . . Unauthorized Hacks 22 | . 11 . 11 Terminals 16 | . 9 . 7 Assimilate 1 | . 1 . . Botnet 4 | . 2 . 2 Operators 1 | . 1 . . Skim 10 | . 5 . 5 Fabricators . | . . . . Repair Stations . | . . . . Recycling Units 6 | . 2 . 4 Tunnel 6 | . 2 . 4 Scanalyzers . | . . . . Garrison Access . | . . . . Data Cores Recovered . | . . . . Used . | . . . . Hacking Detections 13 | . 8 . 5 Full Trace Events . | . . . . Feedback Events . | . . . . Feedback Blocked . | . . . . Robot Schematics Acquired . | . . . . Robots Built . | . . . . Authchips . | . . . . Time . | . . . . Total Robot Build Rating . | . . . . Part Schematics Acquired 1 | . . . 1 Parts Built . | . . . . Authchips . | . . . . Time . | . . . . Total Part Build Rating . | . . . . Part Studies Acquired . | . . . . Parts Repaired 1 | . 1 . . Time 26 | . 26 . . Parts Recycled . | . . . . Recycled Matter . | . . . . Retrieved Matter . | . . . . Retrieved Components . | . . . . Parts Scanalyzed . | . . . . Part Schematics Acquired . | . . . . Parts Damaged . | . . . . Bothacking | -11 -10 -10 -8 ------------ Run | Yrd Mat Sub Rec Used RIF Installer . | . . . . Robots Hacked . | . . . . Non-combat . | . . . . Combat . | . . . . Robot Hacks Applied . | . . . . Relay Couplers Released . | . . . . Fabnet Peak Effective % . | . . . . Robots Rewired . | . . . . Allies Hacked . | . . . . Hacks Repelled . | . . . . Allies | -11 -10 -10 -8 -------- Run | Yrd Mat Sub Rec Total Allies 1 | . 1 . . Largest Group 1 | . 1 . . Highest-Rated Group 10 | . 10 . . Highest-Rated Ally 10 | . 10 . . Total Orders 3 | . 3 . . STAY 3 | . 3 . . Ally Attacks . | . . . . Total Damage . | . . . . Kills . | . . . . Allies Corrupted . | . . . . Allies Melted . | . . . . Intel | -11 -10 -10 -8 ------- Run | Yrd Mat Sub Rec Active Infowar (turns) 1947 | 27 479 1030 411 Structural 1717 | . 276 1030 411 Seismic 288 | 27 261 . . Robot Analysis Total 4 | . 2 . 2 Derelict Logs Recovered 1 | . . 1 . Drone Launches . | . . . . Drone Recoveries . | . . . . Exploration | -11 -10 -10 -8 ------------- Run | Yrd Mat Sub Rec Turns Passed 2422 | 47 734 1030 611 Spaces Moved 1751 | 50 677 621 403 Core 524 | 50 474 . . Treads . | . . . . Legs . | . . . . Wheels 1227 | . 203 621 403 Hover . | . . . . Flight . | . . . . Fastest Speed 50 | 50 50 100 100 Average Speed 102 | 50 65 128 133 Slowest Speed 145 | 50 100 145 145 Overloaded Moves . | . . . . Propulsion Burnouts . | . . . . Robots Hopped . | . . . . Potential Cave-ins . | . . . . Cave-ins Triggered . | . . . . Exploration Rate (%) 53 | 4 98 36 75 Regions Visited 3 Branch Regions 2 Pre-discovered Areas 6 | . 2 . 4 Known Exits Taken 1 | . 1 . . Unknown Exits Taken 2 | 1 . 1 . Scrap Searched 7 | . . 7 . Spaces Dug 4 | . . . 4 Terrain Destroyed 36 | . 11 20 5 Melee 4 | . . . 4 Projectile 1 | . . . 1 AOE 31 | . 11 20 . Terrain Rammed . | . . . . Walls Destroyed . | . . . . Machines Disabled . | . . . . Actions | -11 -10 -10 -8 --------- Run | Yrd Mat Sub Rec Total 2167 | 61 907 754 445 Wait 229 | . 164 50 15 Move 1748 | 49 676 620 403 Hop . | . . . . Pick Up 18 | 3 6 8 1 Fast Attach 17 | 5 7 4 1 Attach 6 | . 3 3 . Detach 7 | . 2 4 1 Swap 16 | . 3 7 6 Drop 10 | . 7 2 1 Fire 108 | 4 39 56 9 Melee 8 | . . . 8 Ram . | . . . . Kick . | . . . . Crush . | . . . . Escape Stasis . | . . . . Rewire . | . . . . Trap . | . . . . Miscellaneous . | . . . . Route ------- -11/Scrapyard -10/Materials (discovered 6 exits: *Mat x3 / *Min x2 / *Sub) -10/Subcaves (discovered 3 exits: [*Mat] / *Rec / [*Scr]) -8/Recycling History --------- Turn | Location | Event 7 | -11/Scrapyard | Discovered new exit (range 16) 48 | -11/Scrapyard | Entered Materials 48 | -10/Materials | Discovered new exit (range 14) 152 | -10/Materials | Discovered new exit (range 8) 308 | -10/Materials | Build established: Mutant 328 | -10/Materials | Discovered new exit (range 16) 363 | -10/Materials | Discovered new exit (range 5) 401 | -10/Materials | Repaired Lgt. Treads 458 | -10/Materials | Identified exit to Mines 458 | -10/Materials | Identified exit to Subcaves 515 | -10/Materials | Identified exit to Materials 515 | -10/Materials | Learned location of 1 exit from Materials 560 | -10/Materials | Learned Storage garrison access intel 593 | -10/Materials | Learned 2 Materials zone layouts 617 | -10/Materials | Learned Storage trap positions 649 | -10/Materials | Learned Storage security intel 692 | -10/Materials | Learned Storage trap positions 782 | -10/Materials | Entered Subcaves 783 | -10/Subcaves | Approached by a straggling Scientist 1148 | -10/Subcaves | Disturbed a concealed Subdweller 1152 | -10/Subcaves | Core integrity fell below 50% 1246 | -10/Subcaves | A swath of the cavern ceiling suddenly collapsed 1288 | -10/Subcaves | Discovered new exit (range 9) 1406 | -10/Subcaves | Visited Clippyterm 1410 | -10/Subcaves | Learned Factory garrison access intel 1664 | -10/Subcaves | Scientist uncovered a shortcut to Scraptown 1700 | -10/Subcaves | A swath of the cavern ceiling suddenly collapsed 1799 | -10/Subcaves | Discovered new exit (range 11) 1812 | -10/Subcaves | Entered Recycling 1813 | -8/Recycling | Met a Zionite searching for Scraptown 2408 | -8/Recycling | Learned Storage emergency access door positions 2418 | -8/Recycling | Core integrity fell below 20% 2423 | -8/Recycling | Destroyed by D-53 Grenadier with Mini Grenade Launcher Last Messages --------------- 02378_ G-47 Trooper springs to life. 02378_ P-60 Hacker springs to life. 02396_ P-60 Hacker destroyed. 02401_ Electrolysis Chamber disabled. 02408_ >> SKIM: Stored Storage emergency access points. 02410_ G-47 Trooper destroyed. 02410_ R-06 Scavenger collects Lgt. Nuclear Core. 02413_ Dropped Hcp. Storage Unit. 02413_ R-06 Scavenger collects Target Analyzer. 02417_ R-06 Scavenger collects Imp. Heat Sink. 02419_ R-06 Scavenger destroyed. 02420_ The unstable cave ceiling collapses. 02420_ U-05 Engineer lays Concrete. 02420_ R-06 Scavenger collects Tractor Beam. 02421_ U-05 Engineer lays Concrete. 02421_ R-06 Scavenger destroyed. 02422_ U-05 Engineer lays Concrete. 02423_ R-06 Scavenger collects Tractor Beam. Map ----- +----------------------------------------------------+ | #######????????????????????????????????????? | | ##????????????????????????????????????? | | "" ##????????????????????????????????????? | | "" ##????????????????????????????????????? | | "" ##?????????????? ##???????????????????? | | #########??????? ##???????????????????? | | "" ##### ###??????? #???????????????????? | | "" + ? ????????????????????? | | "" ## ###??????? #???????????????????? | | ## ########## #### ####????????????? | | ####### ############# ####+####????????????? | | ####### ## """ ## # k#????????????? | | ?????# # """ ## # a #????????????? | | ?????? + """ ## # b a#????????????? | | ?????# # #Y # a #????????????? | | ?????## ## ##u # ]gd##???????????? | | ?????## ## "Y" ##r # %##???????????? | | ###??## ## """ + /! ##???????????? | | ####?## ## # # [##???????????? | | ###### ############ #g!d ##???????????? | | ##### + /! ##???????????? | | ####/ #######+### #d=h ##???????????? | | ####// # # u # ##???????????? | | ####// # + r ##???????????? | | ###### # ###/ = ###???????????? | | ###### # ###%%%!@ ! ##???????????? | | ##??## + ###!=* [ ##???????????? | | ###??## # #"" [ #????????????? | | ###??## # #"T d ##????????????? | | ####### # #"" Y ##????????????? | | ####### ###### ###### ##????????????? | | ############# "T" ##????????????? | | #######+#########??## """ ##????????????? | | ### ##??## ##????????????? | | ### """ ##??#########;##????????????? | | ### """ ##??############????????????? | | ### """ ##??????????????????????????? | | """ ### ##??????????????????????????? | | """ ### """ ##??????????????????????????? | | """ ### """ ##??????????????????????????? | | ### """ ? ##??????????????????????????? | | ####### ?? ##??????????????????????????? | | ####?#######???????????????????????????????? | | ?????#####?????????????????????????????????? | | ???????????????????????????????????????????? | | ???????????????????????????????????????????? | | ???????????????????????????????????????????? | | | | | | | +----------------------------------------------------+ Best States ------------- Heat Dissipation 39 Energy Generation 10 Energy Capacity 125 Matter Stores 300 Matter Capacity 300 Sight Range 16 Terrain Scan Density 10 Armor Coverage 150 Evasion (%) 50 Recoil Reduction 2 Item Schematics ----------------- Trap Extractor | -8/Recycling | Hacked Robot Schematics ------------------ None Fabricated ------------ Nothing Repaired ---------- Lgt. Treads | 15% | -10/Materials Studied --------- None Alien Tech Used ----------------- None Achievements -------------- None Challenges ------------ None Game ------ Seed EtherialMediumSpiker Manual? 0 Play Time 00:26:42 Cumulative 907.2 hours Start 2026.02.10 @ 20:45:19 End 2026.02.10 @ 21:10:40 Sessions 1 Manual Loads 0 Difficulty Rogue Special Mode None Game No. 351 Rogue 351 Adventurer 0 Explorer 0 Win Type - Total 94 Types 44/6/17/8/8/1/1/3/1/5 Lore% 98 Gallery% 88 Achievement% 86 Wizard Run 0 Options --------- Layout 1 ASCII 0 Keyboard 0 Movement Numpad Keybinds 0 Fullscreen 1 Font 24/Smallcaps Map View 50x35 Zoom Use 0% Tactical HUD 1 Map Filters NONE Filters NONE Steam 1 RUN: 3b614268-94df-408e-9ca1-954326f0ff8f